 Dungeon Crawl Stone Soup version 0.20-a0-1020-g7b9e4fe (webtiles) character file.

49 Gorglomux the Poker (level 3, 0/36 HPs)
             Began as a Naga Berserker on Apr 18, 2017.
             Was a Follower of Trog.
             Slain by a hobgoblin (3 damage)
             ... on level 2 of the Dungeon.
             The game lasted 00:02:22 (1421 turns).

Gorglomux the Poker (Naga Berserker)                Turns: 1421, Time: 00:02:23

Health: 0/36       AC:  3    Str: 19    XL:     3   Next: 75%
Magic:  3/3        EV: 10    Int:  7    God:    Trog [*.....]
Gold:   62         SH:  0    Dex: 11    Spells: 2/2 levels left

rFire    . . .     SeeInvis +   a - +0 spear
rCold    . . .     Gourm    .   (no shield)
rNeg     . . .     Faith    .   b - +0 animal skin
rPois    +         Spirit   .   (no helmet)
rElec    .         Reflect  .   g - +0 cloak
rCorr    .         Harm     .   (no gloves)
MR       ++...                  (no barding)
Stlth    +.........             (no amulet)
Regen    1.2/turn               (no ring)
MPRegen  0.1/turn               (no ring)

@: exhausted, regenerating, slowed, very slow
A: see invisible, deformed body, poison resistance, slowness 2, slow metabolism
1, spit poison 1, AC +1
a: Spit Poison, Berserk, Burn Spellbooks, Renounce Religion


You were on level 2 of the Dungeon.
You worshipped Trog.
Trog was aware of your devotion.
You were not hungry.

You visited 1 branch of the dungeon, and saw 2 of its levels.

You collected 62 gold pieces.

Inventory:

Hand Weapons
 a - a +0 spear (weapon)
Armour
 b - a +0 animal skin (worn)
 g - a +0 cloak (worn)
   (You found it on level 1 of the Dungeon)
Scrolls
 e - a scroll of fog {unknown}
 i - 5 scrolls of teleportation {unknown}
 j - 3 scrolls of identify {unknown}
 m - a scroll of amnesia {unknown}
 n - a scroll of blinking {unknown}
 p - a scroll of recharging {unknown}
 q - a scroll of remove curse {unknown}
Potions
 d - 2 potions of lignification {unknown}
 f - 2 potions of heal wounds {unknown}
 h - a potion of magic {unknown}
 o - a potion of curing {unknown}
Comestibles
 c - a bread ration {@e1@e1}
 k - 2 meat rations {@e2@e2}
 l - 2 royal jellies
 r - 2 chunks of flesh {@w0@w0}


   Skills:
 + Level 3.7 Fighting
 * Level 4.0 Polearms
 - Level 1.5 Armour
 - Level 1.5 Dodging


You had 2 spell levels left.
You didn't know any spells.

Dungeon Overview and Level Annotations

Branches:
Dungeon (2/15)

Altars:
Ru


Innate Abilities, Weirdness & Mutations

You cannot wear boots.
Your serpentine skin is tough. (AC +1)
You have supernaturally acute eyesight. (SInv)
Armour fits poorly on your strangely shaped body.
Your system is resistant to poisons. (rPois)
You cover ground very slowly.
You have a slow metabolism.
You can spit poison.


Message History

The stone hits you.
* * * LOW HITPOINT WARNING * * *
You take 3 damage, and have 5/36 hp.
Attack whom?
Aim: a goblin, wielding a hunting sling (heavily wounded)
You reach to attack!
You hit the goblin.
You kill the goblin!
Trog accepts your kill.
Your Polearms skill increases to level 4!
The frilled lizard bites you.
* * * LOW HITPOINT WARNING * * *
You take 2 damage, and have 3/36 hp.
Attack whom?
Aim: a frilled lizard You hit the frilled lizard.
You kill the frilled lizard!
Trog accepts your kill.
You can now call upon Trog for regeneration and protection from hostile enchantments.
You see here a frilled lizard corpse.
You butcher the frilled lizard corpse.
r - a chunk of flesh {@w0@w0} You see here a frilled lizard corpse.
You butcher the frilled lizard corpse.
r - 2 chunks of flesh {@w0@w0} (gained 1)
Things that are here:
a hunting sling; 10 stones There isn't anything to butcher here.
You start resting.
Eating one of 2 chunks of flesh {@w0@w0}.
You eat one of the 2 chunks of flesh {@w0@w0}.
You are feeling hungry.
Eating a chunk of flesh {@w0@w0}.
You eat the chunk of flesh {@w0@w0}.
A goblin comes into view.
A goblin is nearby!
The goblin shouts!
You start resting.
A hobgoblin comes into view.
The hobgoblin moves out of view.
You start resting.
The goblin drinks a potion.
The goblin seems to grow stronger.
A red film seems to cover your vision as you go berserk!
You feel yourself moving faster!
You feel mighty!
You are feeling hungry.
The goblin hits you.
* * * LOW HITPOINT WARNING * * *
You now have 8/54 hp.
You barely miss the goblin. The goblin barely misses you.
You hit the goblin.
You kill the goblin!
Trog accepts your kill.
i - 5 scrolls labeled XYZAJ BYGOCSUT (gained 1)
Things that are here:
a ring mail; a goblin corpse You feel a strong urge to attack something.
Things that are here:
a ring mail; a goblin corpse You butcher the goblin corpse.
You feel your anger subside.
You are no longer berserk.
You are exhausted.
You feel yourself slow down.
r - 3 chunks of flesh {@w0@w0} You see here a ring mail.
You now have 6/36 hp.
Unknown command.
You start resting.
Eating one of 3 chunks of flesh {@w0@w0}.
You eat one of the 3 chunks of flesh {@w0@w0}.
A worm comes into view.
A worm is nearby!
A worm is nearby!
Aim: a worm (hasn't noticed you)
The splash of poison misses the worm.
You feel slightly more hungry.
You have got your breath back.
The hobgoblin shouts!
The hobgoblin closely misses you. The worm bites you!
* * * LOW HITPOINT WARNING * * *
You take 8 damage, and have 1/36 hp.
MASSIVE DAMAGE!!
Okay, then.
The hobgoblin closely misses you.
Okay, then.
Okay, then.
Okay, then.
Your skin crawls.
You feel resistant to hostile enchantments.
You feel somewhat more hungry.
You can no longer call upon Trog for regeneration and protection from hostile enchantments.
The hobgoblin barely misses you. The hobgoblin closely misses you.
You regained 2 hp, and now have 3/36 hp.
The hobgoblin hits you.
* * * LOW HITPOINT WARNING * * *
You take 1 damage, and have 2/36 hp.
The hobgoblin hits you.
* * * LOW HITPOINT WARNING * * *
There is a stone staircase leading up, spattered with blood here.
The hobgoblin hits you.
* * * LOW HITPOINT WARNING * * *
The hobgoblin hits you.
You die...

#... ................... #..# ##
#.................. #..## ..#..
......##..#.#.. #...#
.#......$...##.....# #.#.#
..##.#............. #.#.# #.##.#
#......##.##
#####.#.#######.##.#####.<.......
#..................##.......#.##.
#.######.######.@..##.##(.(.)....
#...........#..gw#..."..#......
#.####.####.#....#.#.##.#...###
#.......#.#........#......###
#.##.##.#.#.......[..........
.#.#...#.#(#....##.......#..##
......_.........##..)..##.##.#
#.#.#...#.#.#.#.#.....###....g.
#.##.##.#.#..................


You could see a worm and a hobgoblin.

Vanquished Creatures
  An adder (D:2)
  2 worms (D:2)
  A leopard gecko (D:1)
  2 giant cockroaches (D:2)
  6 goblins
  3 hobgoblins
  5 jackals (D:2)
  2 bats
  5 frilled lizards
  A kobold (D:1)
  4 rats (D:1)
32 creatures vanquished.

Notes
Turn   | Place    | Note
-------+----------+-------------------------------------------
     0 | D:1      | Gorglomux the Naga Berserker began the quest for the Orb.
     0 | D:1      | Reached XP level 1. HP: 21/21 MP: 1/1
   370 | D:1      | Reached XP level 2. HP: 23/28 MP: 2/2
   921 | D:2      | Reached XP level 3. HP: 31/34 MP: 3/3
  1196 | D:2      | Found a sacrificial altar of Ru.
  1364 | D:2      | HP: 8/36 [goblin/stone (7)]
  1366 | D:2      | Reached skill level 4 in Polearms
  1366 | D:2      | HP: 3/36 [frilled lizard (2)]
  1367 | D:2      | Reached ** piety under Trog
  1394 | D:2      | HP: 8/54 [goblin (2)]
  1416 | D:2      | HP: 1/36 [worm (9)]
  1421 | D:2      | HP: 3/36 [hobgoblin (2)]
  1421 | D:2      | Slain by a hobgoblin

Vault maps used:
D:1:      minmay_arrival_stair_chambers, minmay_misc_feat_chi
D:2:      first_bread, nicolae_ru_sacrificial_ziggurat

Skill      XL: |  1  2  3 |
---------------+----------+-----
Polearms       | 4 |  4.0
Fighting       | |  3.7
Armour         | |  1.5
Dodging        | |  1.5

Action                   || total
-------------------------++-------
Melee: Spear             ||    93
Invok: Berserk           ||     4
       Trog's Hand       ||     1
 Abil: Spit Poison       ||     3
 Stab: Sleeping          ||     1
  Eat: Chunk             ||     5
Armor: Animal skin       ||    17
Dodge: Dodged            ||    48

Vault maps used:
D:1:      minmay_arrival_stair_chambers, minmay_misc_feat_chi
D:2:      first_bread, nicolae_ru_sacrificial_ziggurat

Table legend:
 A = Turns spent in this place as a percentage of turns spent in the entire game.
 B = Non-inter-level travel turns spent in this place as a percentage of non-inter-level travel turns spent in the entire game.
 C = Inter-level travel turns spent in this place as a percentage of turns spent in this place.
 D = Turns resting spent in this place as a percentage of non-inter-level travel turns spent in this place.
 E = Turns spent auto-exploring this place as a percentage of non-inter-level travel turns spent in this place.
 F = Non-inter-level travel turns spent in this place divided by the number of levels of this place that you've seen.
                   A       B       C       D       E      F
               +-------+-------+-------+-------+-------+----------------------
         Total | 100.0 | 100.0 |   0.4 |   5.5 |   9.2 | 228.5
       Dungeon | 100.0 | 100.0 |   0.4 |   5.5 |   9.2 | 228.5
               +-------+-------+-------+-------+-------+----------------------

Table legend:
 A = Kills in this place as a percentage of kills in entire the game.
 B = Kills by you in this place as a percentage of kills by you in the entire game.
 C = Kills by friends in this place as a percentage of kills by friends in the entire game.
 D = Other kills in this place as a percentage of other kills in the entire game.
 E = Experience gained in this place as a percentage of experience gained in the entire game.
 F = Experience gained in this place divided by the number of levels of this place that you have seen.
                   A       B       C       D       E      F
               +-------+-------+-------+-------+-------+----------------------
         Total | 100.0 | 100.0 |  -nan |  -nan | 100.0 |  35.0
       Dungeon | 100.0 | 100.0 |  -nan |  -nan | 100.0 |  35.0
               +-------+-------+-------+-------+-------+----------------------
